 Dungeon Crawl Stone Soup version 0.29-a0-919-gd064cfad1c (webtiles) character file.

Game seed: 2003686400067755880

604 frimble the Trooper (level 7, 0/55 HPs)
             Began as a Demonspawn Hedge Wizard on July 27, 2022.
             Slain by a white imp (5 damage)
             ... on level 5 of the Dungeon.
             The game lasted 00:03:47 (5380 turns).

frimble the Trooper (Demonspawn Hedge Wizard)       Turns: 5380, Time: 00:03:48

Health: 0/55       AC:  3    Str: 10    XL:     7   Next: 18%
Magic:  11/11      EV: 12    Int: 17    God:
Gold:   193        SH:  0    Dex: 13    Spells: 10/12 levels left

rFire   . . .      SeeInvis .   e - +2 dagger (venom)
rCold   . . .      Faith    .   (no shield)
rNeg    . . .      Spirit   .   b - +0 robe
rPois   +          Reflect  .   c - +0 hat
rElec   .          Harm     .   n - +0 cloak
rCorr   .          Rampage  .   (no gloves)
Will    .....                   (no boots)
Stlth   ++........              (no amulet)
HPRegen 0.18/turn               o - ring of poison resistance
MPRegen 0.12/turn               (no ring)

@: no status effects
A: foul stench 1, spiny 1, weakness stinger 2
a: no special abilities


You were on level 5 of the Dungeon.
You visited 1 branch of the dungeon, and saw 5 of its levels.

You collected 193 gold pieces.

Inventory:

Hand Weapons
 a - a +0 dagger
 e - a +2 dagger of venom (weapon)
 k - a +1 antimagic dagger
Missiles
 f - 12 javelins
Armour
 b - a +0 robe (worn)
 c - a +0 hat (worn)
 n - a +0 cloak (worn)
Jewellery
 o - a ring of poison resistance (left hand)
 r - a +4 ring of protection
Scrolls
 j - a scroll of magic mapping
 p - a scroll of teleportation
 s - a scroll of silence {unknown}
 u - a scroll of enchant weapon
Potions
 d - a potion of magic
 g - 2 potions of heal wounds {unknown}
 h - 2 potions of cancellation {unknown}
 i - a potion of brilliance {unknown}
 l - a potion of might {unknown}
 m - a potion of lignification {unknown}
 q - a potion of flight {unknown}
 t - a potion of degeneration {unknown}


   Skills:
 + Level 4.6 Fighting
 + Level 4.2 Short Blades
 - Level 1.7 Dodging
 - Level 1.7 Stealth
 - Level 3.0 Spellcasting
 - Level 1.0 Conjurations
 - Level 1.0 Summonings
 + Level 3.2 Translocations


You had 10 spell levels left.
You knew the following spells:

 Your Spells              Type           Power      Damage    Failure   Level
b - Blink                 Tloc           26%        N/A       7%          2

Your spell library contained the following spells:

 Spells                   Type           Power      Damage    Failure   Level
 Magic Dart               Conj           20%        1d4       12%         1
 Slow                     Hex            8%         N/A       17%         1
 Call Imp                 Summ           5%         N/A       17%         2
 Conjure Flame            Conj/Fire      4%         6-21      38%         3
 Mephitic Cloud           Conj/Pois/Air  3%         N/A       41%         3
 Confusing Touch          Hex            2%         N/A       45%         3
 Vampiric Draining        Necr           2%         2d6       45%         3


Dungeon Overview and Level Annotations

Branches:
Dungeon (5/15)
 Temple: D:4-7

Altars:
Uskayaw
Wu Jian
Xom
Yredelemnul

Shops:
D:4 !


Innate Abilities, Weirdness & Mutations

You may rarely emit foul miasma when damaged in melee.
You are partially covered in sharp spines.
You have a tail ending in a sharp stinger.


Message History

The ogre is moderately wounded.
You hit the ogre.
The ogre is heavily wounded.
The ogre hits you with a +0 giant spiked club!
You are too injured to fight recklessly!
You are too injured to fight recklessly!
You are too injured to fight recklessly!
You are too injured to fight recklessly!
You hit the ogre but do no damage.
The ogre looks as sick as possible!
The ogre is heavily wounded.
You hit the ogre but do no damage.
The ogre looks as sick as possible!
You tail-slap the ogre!
The ogre is almost dead.
You kill the ogre!
You hit the white imp.
The white imp is lightly wounded.
You closely miss the white imp.
The white imp is lightly wounded.
The white imp closely misses you.
You hit the white imp but do no damage. You tail-slap the white imp.
The white imp is moderately wounded.
The white imp gestures at you. The puff of frost hits you!
You hit the white imp.
The white imp is severely wounded.
The white imp is struck by your spines. The white imp hits you.
* * * LOW HITPOINT WARNING * * *
The white imp freezes you.
* * * LOW HITPOINT WARNING * * *
You hit the white imp.
The white imp is poisoned.
The white imp is almost dead.
The white imp gestures at you. The puff of frost hits you!
* * * LOW HITPOINT WARNING * * *
You closely miss the white imp.
The white imp is almost dead.
The white imp attacks as you move away! The white imp hits you.
* * * LOW HITPOINT WARNING * * *
The white imp freezes you.
You die...

.≈≈≈≈≈≈≈..#### #...
#.#...≈≈≈≈≈≈....# #.>.
....8...._≈≈.##.# #...
......≈≈≈≈≈≈..#.# #.<.
.)..≈≈≈≈≈≈≈.....#####...
........................
.[.?...##...............
......5#................
#@.......#####....
####....## #.### ...####
#.# # #.##.# #.### # #.#
######.... ..#
#......... ###
#.#####.#. ###.###...#.
##.#.##..####


You could see a white imp (very poisoned).

Vanquished Creatures
  A black bear (D:4)
  2 ogres (D:5)
  A scorpion (D:4)
  Crazy Yiuf (D:3)
  An orc priest (D:3)
  2 iguanas
  An orc wizard (D:5)
  Terence (D:3)
  4 adders
  3 worms
  2 dart slugs
  10 orcs
  6 ball pythons
  11 bats
  5 endoplasms
  5 goblins
  6 hobgoblins
  3 jackals (D:3)
  4 quokkas
  2 frilled lizards
  8 kobolds
  4 rats
83 creatures vanquished.

Notes
Turn   | Place    | Note
-------+----------+-------------------------------------------
     0 | D:1      | frimble the Demonspawn Hedge Wizard began the quest for the
                  | Orb.
     0 | D:1      | Reached XP level 1. HP: 13/13 MP: 4/4
   186 | D:1      | Reached skill level 1 in Fighting
   217 | D:1      | Reached skill level 1 in Short Blades
   217 | D:1      | Gained mutation: You have a small tail. [demonic ancestry]
   217 | D:1      | Reached XP level 2. HP: 21/21 MP: 6/6
  1193 | D:2      | Reached XP level 3. HP: 27/27 MP: 7/7
  1745 | D:2      | Found a faded altar of an unknown god.
  1890 | D:2      | Gained mutation: You may rarely emit foul miasma when
                  | damaged in melee. [demonic ancestry]
  1890 | D:2      | Reached XP level 4. HP: 9/34 MP: 8/8
  2547 | D:3      | Noticed Terence
  2558 | D:3      | Killed Terence
  2912 | D:3      | Learned a level 2 spell: Blink
  2929 | D:3      | Found a runed translucent door.
  2930 | D:3      | Noticed Crazy Yiuf
  3064 | D:3      | Reached skill level 1 in Translocations
  3069 | D:3      | Gained mutation: You are partially covered in sharp spines.
                  | [demonic ancestry]
  3069 | D:3      | Reached XP level 5. HP: 20/41 MP: 9/9
  3503 | D:3      | Found a faded altar of an unknown god.
  3506 | D:3      | Found a shimmering altar of Xom.
  3605 | D:3      | Killed Crazy Yiuf
  3881 | D:4      | Reached XP level 6. HP: 43/48 MP: 10/10
  3944 | D:4      | Found an ornate altar of the Wu Jian Council.
  4107 | D:4      | Found Vuwkyuthrocw's Distillery.
  4514 | D:5      | Entered Level 5 of the Dungeon
  4916 | D:5      | Found a hide-covered altar of Uskayaw.
  4952 | D:5      | Gained mutation: You have a tail ending in a sharp stinger.
                  | [demonic ancestry]
  4952 | D:5      | Reached XP level 7. HP: 28/55 MP: 11/11
  5350 | D:5      | Found a basalt altar of Yredelemnul.
  5380 | D:5      | Slain by a white imp

Illustrated notes

Levels and vault maps discovered:
D:1:      roderic_crossed_star, layout_basic, serial_corexii_hall,
          chequers_hall_statues_wall_a, corexii_hall_statues_l,
          hangedman_glass_teeth
D:2:      layout_loops_corners, basic_ecumenical_altar
D:3:      layout_loops_cross, nicolae_overflow_ecumenical_swirl,
          uniq_crazy_yiuf_cottage, uniq_terence
D:4:      layout_basic, mainiacjoe_overflow_paths, serial_shops,
          kennysheep_mini_moat
D:5:      layout_loops_cross, eat_drink_and_be_merry_uskayaw,
          mainiacjoe_overflow_catwalk

Skill      XL: |  1  2  3  4  5  6 |
---------------+-------------------+-----
Fighting       | 1 2 3 4 |  4.6
Short Blades   | 1 2 3 4 |  4.2
Translocations | 1 2 3 |  3.2
Dodging        | |  1.7
Stealth        | |  1.7
Spellcasting   | |  3.0
Conjurations   | |  1.0
Summonings     | |  1.0

Action                   |  1- 3 |  4- 6 |  7- 9 || total
-------------------------+-------+-------+-------++-------
Melee: Dagger            |    78 |   127 |    16 ||   221
       Tailslap          |     8 |    16 |     2 ||    26
       Punch             |     3 |     2 |       ||     5
  Use: Scroll            |     3 |     7 |       ||    10
 Stab: Sleeping          |     6 |     5 |     1 ||    12
Armor: Robe              |    16 |    10 |       ||    26
Dodge: Dodged            |    46 |    55 |     3 ||   104

Table legend: (Time is in decaauts)
 A = Elapsed time spent in this place.
 B = Non-inter-level travel time spent in this place.
 C = Inter-level travel time spent in this place.
 D = Time resting spent in this place.
 E = Time spent auto-exploring this place.
 F = Levels seen in this place.
 G = Mean time per level.
                   A        B        C        D        E       F      G
               +--------+--------+--------+--------+--------+-----+--------+
         Total |   5349 |   5167 |    182 |      2 |   4567 |   5 | 1069.8 |
       Dungeon |   5349 |   5167 |    182 |      2 |   4567 |   5 | 1069.8 |
               +--------+--------+--------+--------+--------+-----+--------+

Top non-repeatable levels by time:
     D:2: 1344 daAuts
     D:3: 1295 daAuts
     D:1: 1180 daAuts
     D:5: 857 daAuts
     D:4: 671 daAuts
